 Dungeon Crawl Stone Soup version 0.30-a0-596-g0af90f9a20 (webtiles) character file.

Game seed: 4024321792688863207

57 gelatine the Chopper (level 3, -3/28 HPs)
             Began as a Demonspawn Gladiator on Jan 6, 2023.
             Killed from afar by Natasha (14 damage)
             ... with a bolt of dispelling energy
             ... on level 2 of the Dungeon.
             The game lasted 00:01:49 (701 turns).

gelatine the Chopper (Demonspawn Gladiator)          Turns: 701, Time: 00:01:49

Health: -3/28      AC:  5    Str: 16    XL:     3   Next: 73%
Magic:  3/3        EV: 12    Int:  9    God:
Gold:   51         SH:  4    Dex: 14    Spells: 2/2 levels left

rFire   . . .      SeeInvis .    a - +0 war axe
rCold   . . .      Faith    .    (no shield)
rNeg    . . .      Spirit   .    b - +0 leather armour
rPois   .          Reflect  .    c - +0 helmet
rElec   .          Harm     .    f - +0 cloak
rCorr   .          Rampage  .    (no gloves)
Will    .....                    (no boots)
Stlth   +                        (no amulet)
HPRegen 0.24/turn                (no ring)
MPRegen 0.08/turn                (no ring)

@: no status effects
A: condensation shield
a: no special abilities


You were on level 2 of the Dungeon.
You visited 1 branch of the dungeon, and saw 2 of its levels.

You collected 51 gold pieces.

Inventory:

Hand Weapons
 a - a +0 war axe (weapon)
Missiles
 d - 3 throwing nets (quivered)
 e - a javelin
Armour
 b - a +0 leather armour (worn)
 c - a +0 helmet (worn)
 f - a +0 cloak (worn)
Scrolls
 i - a scroll of vulnerability {unknown}
Potions
 g - a potion of haste {unknown}
 h - a potion of heal wounds {unknown}


   Skills:
 * Level 2.3 Fighting
 * Level 3.5 Axes
 + Level 1.8 Throwing
 * Level 0.7 Armour
 * Level 3.1 Dodging
 + Level 0.3 Stealth


You had 2 spell levels left.
You didn't know any spells.
Your spell library contained the following spells:

 Spells                   Type           Power      Damage    Failure   Level
 Ensorcelled Hibernation  Hex/Ice        0%         N/A       58%         2
 Passwall                 Tmut/Erth      0%         N/A       58%         2
 Swiftness                Air            0%         N/A       83%         3


Dungeon Overview and Level Annotations

Branches:
Dungeon (2/15)

Altars:

Annotations:
D:2 Natasha


Innate Abilities, Weirdness & Mutations

A meltable shield of frost defends you. (SH +4)


Message History

You closely miss Natasha.
Natasha is lightly wounded.
You block Natasha's attack.
You hit Natasha.
Natasha is moderately wounded.
Natasha claws you.
You closely miss Natasha.
Natasha is moderately wounded.
Natasha casts a spell.
Natasha claws you!
You hit Natasha.
Natasha is severely wounded.
Natasha casts a spell at you. The magic dart hits you.
* * * LOW HITPOINT WARNING * * *
You hit Natasha.
You kill Natasha!
Natasha yowls pathetically as she dies!
The crimson imp disappears in a puff of smoke!
Natasha, Servant of Life and Death comes into view.
She is carrying a wand of quicksilver (11).
Natasha zaps a wand.
The bolt of dispelling energy misses you.
You see here a giant cockroach corpse.
There is a stone staircase leading up here.
You climb upwards.
There is a stone staircase leading down here.
HP restored.
Done exploring.
You climb downwards.
Level annotation: Natasha
There is a stone staircase leading up here.
Natasha extends her claws.
Natasha mewls in sadness.
Natasha zaps a wand.
The bolt of dispelling energy hits you!
Natasha zaps a wand.
The bolt of dispelling energy hits you!
You slash Natasha!
Natasha is heavily wounded.
Natasha zaps a wand.
The bolt of dispelling energy hits you!
Ouch! That really hurt!
You die...

########.
##########.......#
#.....<.@h.....#
#.########.###.#
#.# #.# #†#
###.#####
#..h†...#
#.......#
#.h.....#


You could see Natasha.

Vanquished Creatures
  Natasha (D:2)
  4 ball pythons (D:1)
  5 endoplasms (D:1)
  A giant cockroach (D:2)
  9 goblins (D:1)
  2 hobgoblins
  A kobold (D:1)
  A quokka (D:1)
  2 bats (D:1)
  A rat (D:1)
27 creatures vanquished.

Notes
Turn   | Place    | Note
-------+----------+-------------------------------------------
     0 | D:1      | gelatine the Demonspawn Gladiator began the quest for the
                  | Orb.
     0 | D:1      | Reached XP level 1. HP: 16/16 MP: 1/1
    56 | D:1      | Gained mutation: A meltable shield of frost defends you.
                  | (SH +4) [demonic ancestry]
    56 | D:1      | Reached XP level 2. HP: 15/22 MP: 2/2
   475 | D:1      | Reached XP level 3. HP: 27/27 MP: 3/3
   603 | D:2      | Noticed Natasha
   612 | D:2      | Killed Natasha
   616 | D:2      | Noticed Natasha
   701 | D:2      | Killed from afar by Natasha

Illustrated notes

Levels and vault maps discovered:
D:1:      amcnicky_arrival_double_pillar, layout_rooms, grunt_decor_junction,
          corexii_hall_statues_i
D:2:      layout_loops_ring, uniq_natasha

Skill      XL: |  1  2 |
---------------+-------+-----
Axes           | 3 |  3.5
Dodging        | 3 |  3.1
Fighting       | |  2.3
Throwing       | |  1.8
Armour         | |  0.7
Stealth        | |  0.3

Action                   || total
-------------------------++-------
Melee: War axe           ||    66
       Punch             ||     1
Armor: Leather armour    ||    19
Dodge: Dodged            ||    28
Block: Other             ||     9

Table legend: (Time is in decaauts)
 A = Elapsed time spent in this place.
 B = Non-inter-level travel time spent in this place.
 C = Inter-level travel time spent in this place.
 D = Time resting spent in this place.
 E = Time spent auto-exploring this place.
 F = Levels seen in this place.
 G = Mean time per level.
                   A        B        C        D        E       F      G
               +--------+--------+--------+--------+--------+-----+--------+
         Total |    724 |    706 |     18 |      0 |    478 |   2 |  362.0 |
       Dungeon |    724 |    706 |     18 |      0 |    478 |   2 |  362.0 |
               +--------+--------+--------+--------+--------+-----+--------+

Top non-repeatable levels by time:
     D:1: 682 daAuts
     D:2: 41 daAuts
